 Dungeon Crawl Stone Soup version 0.30.1-3-gfc49f6343a (webtiles) character file.

Game seed: 5631282610124189620

2940 javelincjr the Trooper (level 9, -5/73 HPs)
             Began as a Demonspawn Fighter on July 24, 2023.
             Was an Initiate of Okawaru.
             Engulfed by a cloud of freezing vapour (26 damage)
             ... on level 8 of the Dungeon.
             The game lasted 00:30:04 (6983 turns).

javelincjr the Trooper (Demonspawn Fighter)         Turns: 6983, Time: 00:30:05

Health: -5/73      AC: 14    Str: 28    XL:     9   Next: 51%
Magic:  9/9        EV: 10    Int:  9    God:    Okawaru [......]
Gold:   308        SH:  0    Dex: 11    Spells: 8/8 levels left

rFire   . . .        U - +0 battleaxe
rCold   . . .        (shield currently unavailable)
rNeg    . . .        A - +0 chain mail
rPois   .            v - +2 hat of Qesil {rElec Str+3 Dex-4}
rElec   +            (no cloak)
rCorr   .            (no gloves)
SInv    .            w - +0 pair of boots
Will    .....        (no amulet) Stlth
                     H - +4 ring of slaying
HPRegen 0.32/turn    p - +6 ring of strength
MPRegen 0.11/turn

%: no passive effects
@: brilliant
A: antennae 1, ignite blood 1, sharp scales 1
a: Renounce Religion


You were on level 8 of the Dungeon.
You worshipped Okawaru.
Okawaru was noncommittal.
You visited 2 branches of the dungeon, and saw 9 of its levels.

You collected 308 gold pieces.

Inventory:

Hand Weapons
 a - a +0 war axe
 h - a +0 trident
 D - a +4 spear
 M - the +5 quarterstaff "Ustrio Jasu" {flame, Will+}
   (You took it off an orc on level 6 of the Dungeon)

   Will:      It increases your willpower.
 P - a +3 sling
 U - a +0 battleaxe (weapon)
 W - the +1 flail of Generosity {freeze, Str+5 Dex-5}
   (You found it on level 8 of the Dungeon)

   Str:       It affects your strength (+5).
   Dex:       It affects your dexterity (-5).
Missiles
 o - 2 boomerangs (quivered)
 t - 16 poisoned darts
 O - 4 atropa-tipped darts
Armour
 b - a +0 scale mail
 c - a +0 buckler
 d - a +0 kite shield
 r - the +0 leather armour "Ripaocroa" {+Inv rF+++ rC- Dex+5}
   (You found it on level 3 of the Dungeon)

   Dex:       It affects your dexterity (+5).
   rF:        It renders you almost immune to fire.
   rC:        It makes you vulnerable to cold.
   +Inv:      It lets you turn invisible.
 v - the +2 hat of Qesil (worn) {rElec Str+3 Dex-4}
   (You found it on level 3 of the Dungeon)

   Str:       It affects your strength (+3).
   Dex:       It affects your dexterity (-4).
   rElec:     It insulates you from electricity.
 w - a +0 pair of boots (worn)
 A - a +0 chain mail (worn)
 X - a +0 plate armour
Jewellery
 m - a +4 ring of protection
 p - a +6 ring of strength (right hand)
 x - a ring of magical power
 H - a +4 ring of slaying (left hand)
 L - a ring of protection from cold
Wands
 i - a wand of digging (7)
 F - a wand of mindburst (18)
 G - a wand of flame (66)
 R - a wand of iceblast (9)
 T - a wand of light (11)
Scrolls
 n - 3 scrolls of vulnerability
 q - 4 scrolls of fear
 s - 2 scrolls of magic mapping
 u - 2 scrolls of amnesia
 y - 7 scrolls of teleportation
 z - 2 scrolls of enchant weapon
 B - a scroll of butterflies
 C - a scroll of poison {unknown}
 E - a scroll of torment {unknown}
 J - 2 scrolls of immolation
 N - a scroll of blinking {unknown}
 Q - a scroll of enchant armour {unknown}
 S - 3 scrolls of noise
 V - a scroll of silence {unknown}
Potions
 e - 4 potions of lignification
 g - a potion of flight
 j - 3 potions of degeneration
 k - a potion of attraction
 l - 2 potions of mutation


   Skills:
 * Level 7.7 Fighting
 - Level 4.5(5.0) Axes
 - Level 3.0(4.4) Polearms
 + Level 1.4(2.4) Staves
 + Level 6.0 Armour
 + Level 4.4 Dodging
 + Level 5.3 Shields


You had 8 spell levels left.
You didn't know any spells.
Your spell library contained the following spells:

 Spells                   Type           Power      Damage    Failure   Level
 Kiss of Death            Conj/Necr      0%         2d5       86%         1
 Magic Dart               Conj           0%         1d3       86%         1
 Cigotuvi's Dreadful Rot  Necr/Pois/Air  0%         N/A       94%         2
 Confusing Touch          Hex            0%         N/A       99%         3
 Gell's Gravitas          Tloc           0%         N/A       99%         3
 Ignite Poison            Fire/Tmut/Pois 0%         N/A       99%         3
 Mephitic Cloud           Conj/Pois/Air  0%         N/A       99%         3
 Portal Projectile        Hex/Tloc       0%         N/A       99%         3
 Teleport Other           Tloc           0%         N/A       99%         3
 Dispel Undead            Necr           0%         3d6       100%        4
 Leda's Liquefaction      Hex/Erth       0%         N/A       100%        4
 Sticky Flame             Conj/Fire      0%         2d3       100%        4
 Alistair's Intoxication  Tmut/Pois      0%         N/A       100%        5
 Blade Hands              Tmut           0%         N/A       100%        5
 Borgnjor's Vile Clutch   Necr/Erth      0%         N/A       100%        5
 Iskenderun's Battlesphe  Conj           0%         2d6       100%        5
 Lee's Rapid Deconstruct  Erth           0%         3d4*      100%        5
 Dispersal                Tloc           0%         N/A       100%        6
 Eringya's Noxious Bog    Tmut/Pois      0%         N/A       100%        6
 Iron Shot                Conj/Erth      0%         9d1       100%        6
 Statue Form              Tmut/Erth      0%         N/A       100%        6
 Borgnjor's Revivificati  Necr           0%         N/A       100%        8
 Ignition                 Fire           0%         3d3       100%        8
 Necromutation            Tmut/Necr      0%         N/A       100%        8
 Death's Door             Necr           0%         N/A       100%        9
 Call Imp                 Summ           Unusable   N/A       N/A         2
 Tukima's Dance           Hex            Unusable   N/A       N/A         3
 Death Channel            Necr           Unusable   N/A       N/A         6
 Spellforged Servitor     Conj/Summ      Unusable   N/A       N/A         7

Dungeon Overview and Level Annotations

Branches:
Dungeon (8/15)             Temple (1/1) D:7
   Lair: D:8-11

Altars:
Ashenzari
Cheibriados
Dithmenos
Fedhas
Gozag
Hepliaklqana
Kikubaaqudgha
Makhleb
Nemelex Xobeh
Okawaru
Qazlal
Sif Muna
Trog
Uskayaw
Vehumet
Wu Jian
Xom
Yredelemnul


Innate Abilities, Weirdness & Mutations

You have a pair of small antennae on your head.
Your demonic aura sometimes causes spilled blood to erupt in flames.
You are partially covered in razor-sharp scales. (AC +1, Slay +1)


Message History

As you read the scroll of identify, it crumbles to dust.
q - 4 scrolls of fear
As you read the scroll of identify, it crumbles to dust.
S - 3 scrolls of noise Your surroundings suddenly seem different.
As you read the scroll of identify, it crumbles to dust.
j - 3 potions of degeneration
As you read the scroll of identify, it crumbles to dust.
l - 2 potions of mutation
As you read the scroll of identify, it crumbles to dust.
s - 2 scrolls of magic mapping
As you read the scroll of identify, it crumbles to dust.
u - 2 scrolls of amnesia
As you read the scroll of identify, it crumbles to dust.
z - 2 scrolls of enchant weapon
As you read the scroll of identify, it crumbles to dust.
J - 2 scrolls of immolation
As you read the scroll of identify, it crumbles to dust.
k - a potion of attraction
As you read the scroll of identify, it crumbles to dust.
B - a scroll of butterflies Partly explored, can't reach some items.
You see here a +0 long sword.
Things that are here:
a +0 leather armour; a +1 dagger of electrocution
There is an open door, spattered with blood here.
Partly explored, can't reach some items.
There is an open door here.
Really walk into a travel-excluded area?
There is an open door here.
You are engulfed in freezing vapours.
You are engulfed in freezing vapours.
It was a potion of brilliance.
You feel clever all of a sudden.
You are engulfed in freezing vapours.
* * * LOW HITPOINT WARNING * * *
It was a potion of cancellation.
Your magical effects are unravelling.
You feel magically purged.
You are engulfed in freezing vapours.
You die...

#.#.#°##..#...#####.
#.#§#○#......## #>
#.#§#○#.##..## ###
#.#§#○#.#..## ###..
#.#§#.#.#.## #....
##.#§#§#.#.# #.#.#
#..#§#§#.#.# ####.#.#
#..#○#§#.#.###....#.#
#..#@#§#.......####..
####○#§###.#######...
##○#§###.# #....
##○#§#...# #....
##○○.#.### #....
######.# ##...
######.# ##... #.#
#.... #.# #....


There were no monsters in sight!

Vanquished Creatures
  A hornet (D:8)
  4 water moccasins
  2 orc warriors (D:8)
  An ice beast (D:7)
  2 sky beasts
  An ogre (D:6)
  A centaur (D:8)
  A phantom (D:7)
  3 bullfrogs
  2 gnoll sergeants
  4 scorpions
  2 howler monkeys (D:6)
  A hound (D:6)
  2 jellies (D:6)
  5 orc priests
  A gnoll bouda (D:7)
  A sleepcap (D:4)
  8 iguanas
  5 orc wizards
  10 gnolls
  10 adders
  2 shadow imps (D:7)
  3 white imps
  3 worms
  3 dart slugs
  24 orcs
  6 bats
  10 endoplasms
  8 giant cockroaches
  8 goblins
  5 hobgoblins
  10 kobolds
  2 quokkas
  12 ball pythons
  2 frilled lizards
  6 rats
171 creatures vanquished.

Notes
Turn   | Place    | Note
-------+----------+-------------------------------------------
     0 | D:1      | javelincjr the Demonspawn Fighter began the quest for the
                  | Orb.
     0 | D:1      | Reached XP level 1. HP: 18/18 MP: 1/1
   210 | D:1      | Gained mutation: Your demonic aura sometimes causes spilled
                  | blood to erupt in flames. [demonic ancestry]
   210 | D:1      | Reached XP level 2. HP: 24/24 MP: 2/2
   484 | D:1      | Reached XP level 3. HP: 29/29 MP: 3/3
   979 | D:2      | Reached XP level 4. HP: 34/36 MP: 4/4
  1063 | D:2      | Reached skill level 1 in Dodging
  1516 | D:3      | Identified the +0 leather armour "Ripaocroa" {+Inv rF+++
                  | rC- Dex+5}
  1536 | D:3      | Identified the +2 hat of Qesil {rElec Str+3 Dex-4}
  1593 | D:3      | Gained mutation: You have a pair of small antennae on your
                  | head. [demonic ancestry]
  1593 | D:3      | Reached XP level 5. HP: 42/42 MP: 5/5
  1989 | D:3      | Reached skill level 4 in Fighting
  2318 | D:4      | Reached XP level 6. HP: 43/49 MP: 6/6
  2813 | D:4      | Found a burning altar of Makhleb.
  3069 | D:5      | Entered Level 5 of the Dungeon
  3116 | D:5      | Found an ancient bone altar of Kikubaaqudgha.
  3158 | D:5      | Reached XP level 7. HP: 19/55 MP: 7/7
  3167 | D:5      | Reached skill level 5 in Fighting
  4050 | D:6      | Reached skill level 1 in Polearms
  4375 | D:6      | Reached XP level 8. HP: 47/64 MP: 8/8
  4466 | D:6      | Found a hazy altar of Hepliaklqana.
  4663 | D:6      | Reached skill level 5 in Armour
  4732 | D:6      | Reached skill level 6 in Fighting
  4766 | D:6      | Identified the +5 quarterstaff "Ustrio Jasu" {flame, Will+}
  5402 | D:7      | Gained mutation: You are partially covered in razor-sharp
                  | scales. (AC +1, Slay +1) [demonic ancestry]
  5402 | D:7      | Reached XP level 9. HP: 69/71 MP: 9/9
  5446 | D:7      | Reached skill level 7 in Fighting
  5590 | D:7      | Found a staircase to the Ecumenical Temple.
  5715 | Temple   | Entered the Ecumenical Temple
  5725 | Temple   | Became a worshipper of Warmaster Okawaru
  5775 | D:8      | Reached skill level 5 in Shields
  5925 | D:8      | HP: 3/72 [water moccasin (4)]
  5937 | D:8      | HP: 2/72 [poisoned by a water moccasin]
  6203 | D:8      | Reached skill level 1 in Staves
  6456 | D:8      | Identified the +1 flail of Generosity {freeze, Str+5 Dex-5}
  6983 | D:8      | Engulfed by a cloud of freezing vapour

Illustrated notes

Levels and vault maps discovered:
D:1:      dpeg_arrival_rooms_with_view, layout_basic, minmay_worlds_worst_comb
D:2:      layout_basic
D:3:      layout_basic, minmay_joined_circles
D:4:      layout_cave_pools, mainiacjoe_overflow_cross_hatched,
          serial_column_ruins, column_ruins_hut, column_ruins_open_small,
          column_ruins_columns_straight, column_ruins_open_medium,
          column_ruins_open_tiny, nrook_mini_vaults, minmay_checkerbox
D:5:      layout_gridville, mainiacjoe_overflow_concentric_impassable,
          nicolae_kite_square_tiling_tiny, minmay_between
D:6:      layout_loops_ring, mainiacjoe_overflow_divided_tiny,
          nicolae_grassy_gnolls
D:7:      layout_cave_pools, minmay_temple_entry_glassed_door, bh_walls_and_bars
D:8:      lemuel_ice_spiral_2, layout_rooms, nrook_pool_corridor
Temple:   sentei_temple_godly_chess

Skill      XL: |  1  2  3  4  5  6  7  8  9 |
---------------+----------------------------+-----
Axes           | 2 3 4 |  4.5
Armour         | 3 4 5 6 |  6.0
Shields        | 3 4 5 |  5.3
Dodging        | 1 2 3 4 |  4.4
Fighting       | 4 5 6 7 |  7.7
Polearms       | 1 2 3 |  3.0
Staves         | 1 |  1.4

Action                     |  1- 3 |  4- 6 |  7- 9 || total
---------------------------+-------+-------+-------++-------
  Melee: War axe           |   108 |   195 |     5 ||   308
         Spear             |       |       |   136 ||   136
         Quarterstaff      |       |       |   109 ||   109
         Battleaxe         |       |       |     8 ||     8
  Throw: Boomerang         |       |     5 |       ||     5
    Use: Potion            |       |     3 |     7 ||    10
         Scroll            |       |       |    12 ||    12
 Armour: Scale mail        |    53 |    69 |       ||   122
         Chain mail        |       |    45 |   143 ||   188
         Skin              |       |     9 |       ||     9
  Dodge: Dodged            |    45 |    80 |   137 ||   262
  Block: Buckler           |    30 |    52 |    16 ||    98
